 Dungeon Crawl Stone Soup version 0.28-a0-390-gb254ac4902 (webtiles) character file.

Game seed: 11768008108770102149

1232 robertstho the Magician (level 8, -1/56 HPs)
             Began as a Djinni Fire Elementalist on Sept 3, 2021.
             Was an Initiate of Gozag.
             Slain by Prince Ribbit (10 damage)
             ... on level 7 of the Dungeon.
             The game lasted 00:09:14 (7815 turns).

robertstho the Magician (Djinni Fire Elementalist)  Turns: 7815, Time: 00:09:16

Health: -1/56      AC:  6    Str:  4 (7)  XL:     8   Next: 77%
Gold:   627        EV: 12    Int: 15 (18) God:    Gozag SH:  0 Dex: 14 (15)

rFire   + + .      SeeInvis .   b - +0 great sword (elec)
rCold   x . .      Faith    .   (shield currently unavailable)
rNeg    . . .      Spirit   .   a - +0 robe
rPois   ∞          Reflect  .   (no helmet)
rElec   .          Harm     .   (no cloak)
rCorr   .          Rampage  .   (no gloves)
Will    .....                   (boots unavailable)
Stlth   ++........              (no amulet)
HPRegen 0.18/turn               u - +4 ring of protection
MPRegen 0.00/turn               (no ring)

@: marked, flying
A: sickness immunity, fire resistance 2, cold vulnerability 1, float, innate
caster, hp casting, extra vitality 1
a: Renounce Religion, Potion Petition, Call Merchant, Bribe Branch


You were on level 7 of the Dungeon.
You worshipped Gozag.
Gozag was pleased with you.
You visited 1 branch of the dungeon, and saw 7 of its levels.

You collected 684 gold pieces.
You paid 57 gold pieces to Gozag.

Inventory:

Hand Weapons
 b - a +0 great sword of electrocution (weapon)
Missiles
 r - a throwing net
Armour
 a - a +0 robe (worn)
Jewellery
 u - a +4 ring of protection (left hand)
Wands
 m - a wand of paralysis (9)
 t - a wand of mindburst (13)
Scrolls
 d - a scroll of enchant weapon {unknown}
 f - a scroll of teleportation {unknown}
 h - 3 scrolls of fog
 j - a scroll of brand weapon {unknown}
 p - 2 scrolls of amnesia {unknown}
 s - a scroll of blinking {unknown}
Potions
 c - 2 potions of degeneration
 e - a potion of attraction {unknown}
 g - a potion of experience {unknown}
 i - a potion of flight {unknown}
 k - a potion of magic {unknown}
 l - a potion of invisibility {unknown}
 n - 3 potions of heal wounds
 o - 2 potions of berserk rage {unknown}
 q - a potion of curing {unknown}


   Skills:
 * Level 3.5 Fighting
 + Level 0.2 Long Blades
 + Level 2.5 Dodging
 + Level 2.3 Stealth
 * Level 7.2 Spellcasting


You had 2 spell levels left.
You knew the following spells:

 Your Spells              Type           Power      Damage    Failure   Level
a - Foxfire               Conj/Fire      100%       2x1d9     1%          1
b - Scorch                Fire           54%        2d8       1%          2
c - Conjure Flame         Conj/Fire      27%        6-21      1%          3
d - Inner Flame           Hex/Fire       27%        N/A       1%          3
e - Flame Wave            Conj/Fire      27%        3d6       7%          4
f - Pain                  Necr           100%       1d9       1%          1
g - Slow                  Hex            27%        N/A       1%          2
h - Lesser Beckoning      Tloc           27%        N/A       1%          3
Your spell library was empty.

Dungeon Overview and Level Annotations

Branches:
Dungeon (7/15)
 Temple: D:4-7

Altars:
Gozag
Nemelex Xobeh
Vehumet
Yredelemnul

Annotations:
D:3 2 transporters
D:5 2 runed translucent doors, noodleboyJ's ghost, weakling DrDe
D:7 Joseph; Prince Ribbit


Innate Abilities, Weirdness & Mutations

You are immune to sickness and miasma.
You are immune to poison.
Your flesh is very heat resistant. (rF++)
You are vulnerable to cold. (rC-)
You float through the air rather than walking.
You learn spells naturally, not from books.
Your magical power is your life essence.
You have superior vitality. (+4 HP)


Message History

Confirm with . or Enter, or press ? or * to list all spells.
Casting: Flame Wave (dangerous; 5% risk of failure)
Press: ? - help, Dir - look around, f - activate
Okay, then.
Casting: Flame Wave (dangerous; 5% risk of failure)
Confirm with . or Enter, or press ? or * to list all spells.
Casting: Flame Wave (dangerous; 5% risk of failure)
Press: ? - help, Dir - look around, f - activate A wave of flame ripples out! (Press . to intensify the flame waves.) Prince Ribbit blinks!
Joseph unwields a +0 quarterstaff.
Joseph wields a +0 hunting sling.
Joseph shoots a sling bullet.
The sling bullet hits you!
A wave of flame ripples out!
Unknown command.
A wave of flame ripples out!
The flame wave engulfs Joseph!
Joseph is lightly wounded.
You finish channelling waves of flame.
Joseph shoots a sling bullet.
The sling bullet hits you.
A hornet comes into view.
Unknown command.
Prince Ribbit closely misses you.
Joseph shoots a sling bullet.
The sling bullet closely misses you. Prince Ribbit hits you!
* * * LOW HITPOINT WARNING * * *
Unknown command.
It was a potion of degeneration.
There was something very wrong with that liquid.
You feel weakened.
You feel dopey.
You feel clumsy.
Joseph shoots a sling bullet.
The sling bullet hits you!
* * * LOW HITPOINT WARNING * * *
Prince Ribbit barely misses you.
It was a potion of heal wounds.
You feel much better.
A killer bee comes into view.
Prince Ribbit hits you!
* * * LOW HITPOINT WARNING * * *
Joseph shoots a sling bullet.
The sling bullet hits you.
* * * LOW HITPOINT WARNING * * *
The hornet misses you. Prince Ribbit hits you!
You die...
Your body crumbles into a pile of gold.

......#.###.#.#.##
#.... #..........#
..... ##..#.#.#.###
.......##.........
..........#.#.#.###
#
.....###...........
.... ##.#.#.#....
#.. #.yy.F...... ..
.....#.#@#.###. #
......##....#
....... #.....#
....... #..@.##
.#..... .......
#..... ......#.
#... ###..## # #.#


You could see Joseph, Prince Ribbit, a hornet and a killer bee.

Vanquished Creatures
  Sigmund (D:2)
  A sky beast (D:5)
  A necrophage (D:5)
  An ogre (D:5)
  A centaur (D:5)
  A phantom (D:5)
  4 wights (D:5)
  A centaur zombie (D:5)
  3 hounds
  A jelly (D:4)
  A bullfrog skeleton (D:6)
  Jessica (D:2)
  Ijyb (D:5)
  An iguana (D:6)
  A hound zombie (D:5)
  A hound skeleton (D:5)
  3 gnolls (D:4)
  7 adders
  2 white imps
  An ufetubus (D:5)
  3 worms
  3 dart slugs
  14 orcs
  7 ball pythons
  5 endoplasms
  5 giant cockroaches
  3 goblins
  10 hobgoblins
  5 jackals
  6 quokkas
  4 bats
  12 frilled lizards
  6 kobolds
  8 rats
125 creatures vanquished.

Vanquished Creatures (others)
  492 foxfires
  3 plants (D:2)
495 creatures vanquished.

Grand Total: 620 creatures vanquished

Notes
Turn   | Place    | Note
-------+----------+-------------------------------------------
     0 | D:1      | robertstho the Djinni Fire Elementalist began the quest for
                  | the Orb.
     0 | D:1      | Reached XP level 1. HP: 15/15 MP: 0/0
   297 | D:1      | Reached XP level 2. HP: 19/22 MP: 0/0
   743 | D:1      | Reached skill level 1 in Fighting
   855 | D:1      | Reached skill level 3 in Spellcasting
   855 | D:1      | Reached XP level 3. HP: 25/27 MP: 0/0
   855 | D:1      | Learned a level 1 spell: Pain
  2315 | D:2      | Reached XP level 4. HP: 24/32 MP: 0/0
  2705 | D:2      | Found a faded altar of an unknown god.
  2716 | D:2      | Reached XP level 5. HP: 18/37 MP: 0/0
  2716 | D:2      | Learned a level 2 spell: Slow
  2909 | D:2      | Noticed Jessica
  2911 | D:2      | Killed Jessica
  2912 | D:2      | Reached skill level 4 in Spellcasting
  3234 | D:2      | Noticed Sigmund
  3244 | D:2      | Killed Sigmund
  3245 | D:2      | Reached XP level 6. HP: 15/43 MP: 0/0
  3710 | D:3      | Reached skill level 5 in Spellcasting
  3932 | D:3      | Found a transporter.
  3934 | D:3      | Found a transporter.
  3967 | D:3      | Found a basalt altar of Yredelemnul.
  4101 | D:3      | Found an opulent altar of Gozag.
  4115 | D:3      | Became a worshipper of Gozag Ym Sagoz the Greedy
  4592 | D:4      | Found a sparkling altar of Nemelex Xobeh.
  4976 | D:4      | Reached XP level 7. HP: 47/49 MP: 0/0
  4976 | D:4      | Learned a level 3 spell: Lesser Beckoning
  5583 | D:5      | Entered Level 5 of the Dungeon
  5763 | D:5      | Found a runed translucent door.
  5784 | D:5      | Reached skill level 6 in Spellcasting
  5857 | D:5      | Noticed noodleboyJ's ghost (weakling DrDe)
  5927 | D:5      | Reached XP level 8. HP: 51/55 MP: 0/0
  6240 | D:5      | Found a runed translucent door.
  6578 | D:5      | Noticed Ijyb
  6584 | D:5      | Killed Ijyb
  6919 | D:5      | Reached skill level 7 in Spellcasting
  7807 | D:7      | Noticed Joseph
  7808 | D:7      | Noticed Prince Ribbit
  7812 | D:7      | Noticed a hornet
  7815 | D:7      | Slain by Prince Ribbit

Illustrated notes

Levels and vault maps discovered:
D:1:      dpeg_chamrin_arrival_tetris, layout_basic, corexii_hall_statues_l,
          st_stairs_3, kennysheep_decorative_pillar
D:2:      layout_loops_corners, hellmonk_ecumenical_altar_pennies_from_heaven,
          minmay_lizard_king, uniq_sigmund, uniq_jessica
D:3:      layout_loops_cross, gammafunk_temple_overflow_arena,
          nicolae_overflow_crystal_walls, minmay_circle_x
D:4:      layout_basic, mainiacjoe_overflow_tiny_flanked,
          kennysheep_generic_room_7
D:5:      layout_basic, ebering_ghost_sewer_f, uniq_ijyb
D:6:      layout_rooms, fiery_altar_vehumet
D:7:      layout_cave_pools, mainiacjoe_overflow_six_doors_small,
          minmay_temple_entry_arrows, st_stairs_12,
          minmay_misc_feat_four_crosses, uniq_harold, uniq_prince_ribbit1,
          uniq_duvessa, uniq_joseph

Skill      XL: |  1  2  3  4  5  6  7  8 |
---------------+-------------------------+-----
Fighting       | 1 2 3 |  3.5
Spellcasting   | 3 4 5 6 7 |  7.2
Stealth        | 2 |  2.3
Long Blades    | |  0.2
Dodging        | |  2.5

Action                   |  1- 3 |  4- 6 |  7- 9 || total
-------------------------+-------+-------+-------++-------
Melee: Great sword       |     2 |     2 |       ||     4
 Cast: Foxfire           |   101 |   132 |    70 ||   303
       Scorch            |       |     4 |    32 ||    36
       Inner Flame       |       |       |     1 ||     1
       Pain              |       |       |     8 ||     8
       Flame Wave        |       |       |     2 ||     2
  Use: Potion            |       |       |     2 ||     2
       Scroll            |       |       |     1 ||     1
Armor: Robe              |     1 |     2 |     5 ||     8
Dodge: Dodged            |    10 |     9 |    19 ||    38

Table legend: (Time is in decaauts)
 A = Elapsed time spent in this place.
 B = Non-inter-level travel time spent in this place.
 C = Inter-level travel time spent in this place.
 D = Time resting spent in this place.
 E = Time spent auto-exploring this place.
 F = Levels seen in this place.
 G = Mean time per level.
                   A        B        C        D        E       F      G
               +--------+--------+--------+--------+--------+-----+--------+
         Total |   7816 |   7634 |    182 |    415 |   6367 |   7 | 1116.6 |
       Dungeon |   7816 |   7634 |    182 |    415 |   6367 |   7 | 1116.6 |
               +--------+--------+--------+--------+--------+-----+--------+

Top non-repeatable levels by time:
     D:2: 1835 daAuts
     D:1: 1823 daAuts
     D:5: 1404 daAuts
     D:4: 1265 daAuts
     D:3: 920 daAuts
     D:6: 518 daAuts
     D:7: 47 daAuts
